 Dungeon Crawl Stone Soup version 0.30.1-3-gfc49f6343a (webtiles) character file.

Game seed: 15013071884904863154

35 Bronimir the Chiller (level 3, -4/24 HPs)
             Began as a Human Ice Elementalist on July 29, 2023.
             Was a Follower of Vehumet.
             Killed by nerve-wracking pain
             ... invoked by Jessica
              (6 damage)
             ... on level 2 of the Dungeon.
             The game lasted 00:03:25 (977 turns).

Bronimir the Chiller (Human Ice Elementalist)        Turns: 977, Time: 00:03:25

Health: -4/24      AC:  2    Str:  8    XL:     3   Next: 52%
Magic:  6/6        EV: 12    Int: 17    God:    Vehumet [*.....]
Gold:   58         SH:  0    Dex: 13    Spells: 5/6 levels left

rFire   . . .        g - +0 trident (heavy)
rCold   . . .        (no shield)
rNeg    . . .        a - +0 robe
rPois   .            (no helmet)
rElec   .            (no cloak)
rCorr   .            (no gloves)
SInv    .            (no boots)
Will    .....        (no amulet)
Stlth   ++           (no ring)
HPRegen 0.24/turn    (no ring)
MPRegen 0.10/turn

%: no passive effects
@: no status effects
A: no striking features
a: Renounce Religion


You were on level 2 of the Dungeon.
You worshipped Vehumet.
Vehumet was aware of your devotion.
You visited 1 branch of the dungeon, and saw 2 of its levels.

You collected 58 gold pieces.

Inventory:

Hand Weapons
 e - a +2 dagger of speed
 f - a +2 short sword of draining
 g - a +0 heavy trident (weapon)
Armour
 a - a +0 robe (worn)
Potions
 b - a potion of magic
 c - a potion of mutation {unknown}
 h - a potion of curing {unknown}
 j - a potion of brilliance {unknown}
 k - 2 potions of might


   Skills:
 + Level 0.1 Fighting
 * Level 1.0 Polearms
 + Level 2.2 Dodging
 + Level 2.1 Stealth
 + Level 2.1 Spellcasting
 * Level 4.6 Ice Magic


You had 5 spell levels left.
You knew the following spells:

 Your Spells              Type           Power      Damage    Failure   Level
a - Freeze                Ice            68%        1d8       2%          1

Your spell library contained the following spells:

 Spells                   Type           Power      Damage    Failure   Level
 Kiss of Death            Conj/Necr      4%         2d5       19%         1
 Frozen Ramparts          Ice            34%        1d6       9%          3
 Ozocubu's Armour         Ice            17%        N/A       9%          3
 Magic Dart               Conj           4%         1d3       19%         1
 Cigotuvi's Dreadful Rot  Necr/Pois/Air  2%         N/A       28%         2
 Searing Ray              Conj           2%         2d4       28%         2
 Ignite Poison            Fire/Tmut/Pois 1%         N/A       50%         3
 Summon Ice Beast         Ice/Summ       9%         N/A       58%         4
 Fulminant Prism          Conj/Hex       0%         3d5       88%         4
 Freezing Cloud           Conj/Ice/Air   3%         6-21      96%         5


Dungeon Overview and Level Annotations

Branches:
Dungeon (2/15)

Altars:
Vehumet

Shops:
D:1 !*(?(

Annotations:
D:2 Jessica, Terence


Message History

You open the door. The gnoll barely misses you.
Terence the Incautious comes into view.
He is wielding a +0 falchion.
Terence shouts!
There is an open door here.
As you read the scroll labelled EZXEALAMOY, it crumbles to dust.
The creatures around you are filled with an inner flame!
It was a scroll of immolation.
The gnoll barely misses you.
Jessica gestures wildly while chanting.
Jessica blinks!
As you read the scroll labelled JAKUZE XETATUH, it crumbles to dust.
It is a scroll of identify.
k - 2 potions of might The gnoll hits you from afar with a +0 halberd.
Jessica casts a spell.
Jessica seems to speed up.
Jessica mumbles something strange.
Terence hits you with a +0 falchion.
Jessica points at you and mumbles some strange words.
You resist with some effort. Terence attacks as you move away!
Terence hits you with a +0 falchion.
* * * LOW HITPOINT WARNING * * *
Terence drinks a potion.
Terence seems to grow stronger.
Found 7 gold pieces.
Jessica barely misses you.
A goblin comes into view. It is wielding a +0 club.
The goblin shouts!
Jessica mumbles some strange words.
Jessica blinks!
Jessica hits you with a +0 club.
* * * LOW HITPOINT WARNING * * *
Found a stone staircase leading down.
Jessica casts a spell at you. Pain shoots through your body!
* * * LOW HITPOINT WARNING * * *
Jessica attacks as you move away! Jessica barely misses you.
The goblin completely misses you.
Jessica mumbles something strange.
Jessica casts a spell at you. Pain shoots through your body!
You die...

### ############>..
#..............
#............#
#............#
#......$.....#
#............######
#......@@..........
#.....g............
#.......@..........
#..................
#..........g.#####
###########g....#
#######.###+####
#...............#
#............##.####


You could see Terence (inner flame, strong), 2 gnolls, Jessica (fast, inner
flame) and a goblin.

Vanquished Creatures
  An adder (D:2)
  2 dart slugs
  3 endoplasms
  A giant cockroach (D:1)
  2 jackals (D:1)
  A quokka (D:1)
  3 ball pythons
  3 bats (D:1)
  2 kobolds (D:1)
  3 rats
21 creatures vanquished.

Notes
Turn   | Place    | Note
-------+----------+-------------------------------------------
     0 | D:1      | Bronimir the Human Ice Elementalist began the quest for the
                  | Orb.
     0 | D:1      | Reached XP level 1. HP: 13/13 MP: 3/3
    42 | D:1      | Found Nizy's General Store.
   129 | D:1      | Found Tifeony's Weapon Shop.
   167 | D:1      | Found Aqipp's Distillery.
   190 | D:1      | Reached XP level 2. HP: 3/19 MP: 0/5
   517 | D:1      | Found Vewnon's Magic Scroll Boutique.
   544 | D:1      | Found a faded altar of an unknown god.
   587 | D:1      | Found Loicafac's Weapon Shop.
   613 | D:1      | Prayed at the altar of an unknown god.
   613 | D:1      | Became a worshipper of Vehumet
   613 | D:1      | Reached * piety under Vehumet
   613 | D:1      | Offered knowledge of Kiss of Death by Vehumet.
   822 | D:2      | Reached XP level 3. HP: 24/24 MP: 6/6
   931 | D:2      | Noticed Jessica
   941 | D:2      | Reached skill level 1 in Polearms
   962 | D:2      | Noticed Terence
   977 | D:2      | Killed from afar by Jessica

Illustrated notes

Levels and vault maps discovered:
D:1:      dpeg_arrival_radiant, layout_basic, serial_shops,
          nicolae_shop_tiny_real_fake_doors, shop, nicolae_diamond_shop, shop,
          nicolae_shop_peninsula, hellmonk_ecumenical_altar_leap_of_faith
D:2:      layout_basic, uniq_jessica, uniq_terence

Skill      XL: |  1  2  3 |
---------------+----------+-----
Polearms       | 1 |  1.0
Fighting       | |  0.1
Dodging        | |  2.2
Stealth        | |  2.1
Spellcasting   | |  2.1
Ice Magic      | |  4.6

Action                     || total
---------------------------++-------
  Melee: Dagger            ||     2
         Trident           ||    38
   Cast: Freeze            ||    15
    Use: Scroll            ||     2
   Stab: Sleeping          ||     4
 Armour: Robe              ||    16
  Dodge: Dodged            ||    56
